 Dungeon Crawl Stone Soup version 0.17.0-22-g5edae84 (webtiles) character file.

592 Dirtsage the Covert (level 7, -3/45 HPs)
             Began as an Octopode Assassin on Nov 12, 2015.
             Killed from afar by Pikel (15 damage)
             ... with a wand of cold
             ... on level 4 of the Dungeon.
             The game lasted 00:14:43 (4622 turns).

Dirtsage the Covert (Octopode Assassin)             Turns: 4622, Time: 00:14:44

Health: -3/45      AC:  6    Str: 13    XL:     7   Next: 39%
Magic:  7/7        EV: 13    Int: 17    God:
Gold:   100        SH:  0    Dex: 15    Spells: 0 memorised, 6 levels left

rFire  . . .     SeeInvis .     a - +2 dagger (protect)
rCold  . . .     Clarity  .     (no shield)
rNeg   + . .     SustAt   .     (helmet restricted)
rPois  .         Gourm    .     (no amulet)
rElec  .         Spirit   .     h - +3 ring of intelligence
rCorr  .         Warding  .     l - +3 ring of strength
rMut   .         Stasis   .     s - ring of positive energy
MR     .....                    (no ring)
Stlth  ++++++....               (no ring)
                                (no ring)
                                (no ring)
                                (no ring)

@: not resistant to hostile enchantments, very stealthy
A: almost no armour, amphibious, 8 rings, constrict 8, camouflage 1, gelatinous
body 1
a: no special abilities


You were on level 4 of the Dungeon.
You were hungry.

You visited 2 branches of the dungeon, and saw 5 of its levels.

You collected 100 gold pieces.

Inventory:

Hand Weapons
 a - a +2 dagger of protection (weapon)
 b - a +0 blowgun
Missiles
 c - 11 poisoned needles
 d - a curare-tipped needle
Jewellery
 h - a +3 ring of intelligence (left tentacle)
 l - a +3 ring of strength (right tentacle)
 s - a ring of positive energy (on tentacle)
Scrolls
 f - 2 scrolls of magic mapping {unknown}
 i - 5 scrolls of identify {unknown}
 k - a scroll of immolation {unknown}
 m - 4 scrolls of remove curse {unknown}
 p - 2 scrolls of random uselessness {unknown}
 r - a scroll of enchant armour {unknown}
Potions
 o - a potion of agility
Comestibles
 e - 6 bread rations
 g - 3 chunks of flesh
 j - 9 fruits
 n - 2 meat rations


   Skills:
 - Level 2.0 Fighting
 + Level 3.1 Short Blades
 - Level 2.0 Throwing
 + Level 2.3 Dodging
 - Level 11.0 Stealth


You had 6 spell levels left.
You didn't know any spells.

Dungeon Overview and Level Annotations

Branches:
Dungeon (4/15)             Temple (1/1) D:4

Altars:
Cheibriados
Elyvilon
Fedhas
Kikubaaqudgha
Nemelex Xobeh
Okawaru
Qazlal
Ru
Sif Muna
Vehumet
The Shining One

Annotations:
D:4 Pikel


Innate Abilities, Weirdness & Mutations

You cannot wear most types of armour.
You are amphibious.
You can wear up to eight rings at the same time.
You can use your tentacles to constrict eight enemies at once.
Your skin changes colour to match your surroundings (Stealth).
Your rubbery body absorbs attacks (AC +1).


Message History

The poisoned needle barely misses Pikel.
Firing (i - inventory. (,) - cycle):
c - 12 poisoned needles (quivered)
Press: ? - help, Shift-Dir - straight line, f/p - Pikel
Aim: Pikel, wielding a whip of flaming and wearing a robe (lightly wounded, poisoned)
You shoot a poisoned needle. The poisoned needle hits Pikel!
Pikel looks even sicker.
Pikel is lightly wounded.
You are feeling hungry.
The slave hits you!
Pikel zaps a wand.
The bolt of cold hits you!
It is a wand of cold.
You feel protected!
a - a +2 dagger of protection (weapon)
You hit Pikel but do no damage. Your grab misses Pikel.
Pikel is moderately wounded.
The slave closely misses you.
Pikel zaps a wand.
The bolt of cold hits you!
* * * LOW HITPOINT WARNING * * *
You hit the slave but do no damage. You grab the slave.
You constrict the slave, but do no damage.
The slave completely misses you.
Pikel zaps a wand.
The bolt of cold hits you!
You die...

#..#.
#.###########
#..#.
#.#........>#
#....
#.#.#######.#
#.##. #p#.#
#.####.##.
#p#.#
#.##...##. ##
#.#.#
#.##.####.
#...#p#p#
#..)...##.
#....pK@#
#..#.#.###
#...#.###
#>....## ##
#. ##.#.## #.
#..## #.##.
#### #....
###### #..##
#....# #..#
#.#### #..#
#.#


You could see Pikel and 3 slaves.

Vanquished Creatures
  Edmund (D:4)
  A scorpion (D:4)
  A wight (D:3)
  Ijyb (D:2)
  A giant frog skeleton (D:3)
  Natasha (twice) (D:4)
  2 orc priests (D:4)
  2 worker ants (D:4)
  2 orc wizards (D:4)
  Robin (D:3)
  2 adders
  2 worms
  6 giant geckos
  14 orcs
  2 ball pythons (D:2)
  4 bats (D:1)
  18 goblins
  8 hobgoblins
  8 jackals
  5 giant cockroaches
  A giant gecko skeleton (D:4)
  4 giant newts
  A jackal skeleton (D:3)
  9 kobolds
  4 rats
102 creatures vanquished.

Vanquished Creatures (others)
  A kobold (D:2)
1 creature vanquished.

Grand Total: 103 creatures vanquished

Notes
Turn   | Place    | Note
--------------------------------------------------------------
     0 | D:1      | Dirtsage the Octopode Assassin began the quest for the Orb.
     0 | D:1      | Reached XP level 1. HP: 14/14 MP: 1/1
   149 | D:1      | Reached XP level 2. HP: 9/19 MP: 2/2
   151 | D:1      | Reached skill level 6 in Stealth
   898 | D:1      | Reached XP level 3. HP: 18/24 MP: 3/3
  1049 | D:2      | Noticed Ijyb
  1062 | D:2      | Killed Ijyb
  1062 | D:2      | Reached skill level 7 in Stealth
  1062 | D:2      | Reached XP level 4. HP: 24/29 MP: 4/4
  1687 | D:2      | Found a sparkling altar of Nemelex Xobeh.
  1687 | D:2      | Found a deep blue altar of Sif Muna.
  1737 | D:2      | Found a radiant altar of Vehumet.
  1756 | D:2      | Reached skill level 8 in Stealth
  1911 | D:3      | Found a faded altar to an unknown god.
  2028 | D:3      | Noticed Robin
  2112 | D:3      | Killed Robin
  2323 | D:3      | Reached skill level 9 in Stealth
  2323 | D:3      | Reached XP level 5. HP: 4/34 MP: 5/5
  2947 | D:3      | Found a stormy altar of Qazlal.
  3655 | D:4      | Noticed Edmund
  3674 | D:4      | Killed Edmund
  3674 | D:4      | Reached skill level 10 in Stealth
  3674 | D:4      | Reached XP level 6. HP: 25/39 MP: 6/6
  3841 | D:4      | Reached XP level 7. HP: 24/45 MP: 7/7
  4087 | D:4      | Reached skill level 11 in Stealth
  4291 | D:4      | Noticed Natasha
  4303 | D:4      | Killed Natasha
  4394 | D:4      | Noticed Natasha
  4407 | D:4      | Killed Natasha
  4470 | D:4      | Found a staircase to the Ecumenical Temple.
  4485 | Temple   | Entered the Ecumenical Temple
  4612 | D:4      | Noticed a slave
  4613 | D:4      | Noticed Pikel
  4613 | D:4      | Noticed a slave
  4613 | D:4      | Noticed a slave
  4613 | D:4      | Noticed a slave
  4622 | D:4      | Killed from afar by Pikel

Action                   |  1- 3 |  4- 6 |  7- 9 || total
-------------------------+-------+-------+-------++-------
Melee: Dagger            |    50 |   129 |    29 ||   208
 Fire: Blowgun           |       |    13 |    10 ||    23
  Use: Potion            |       |     2 |       ||     2
 Stab: Sleeping          |    10 |    12 |     7 ||    29
       Distracted        |       |     1 |       ||     1
  Eat: Chunk             |       |     9 |     2 ||    11
